cohdb
Replays
Latest Replays
All Replays
Popular Replays
Top Player Replays
Match Explorer
How It Works
Community
CoH3 Stats
Reddit
Sign in to upload your games and track your stats! →
Sign in with Steam
Match 38780416
Unlisted
Match 38780416
Overview
Messages
Build Orders
End
Panzergrenadier Squad
Panzergrenadier Squad
Selects Armored Support Battlegroup
250 Light Carrier
Construct Light Support Kompanie
Combat Half-tracks
Advanced Field Repairs
Fire Support Elements
Construct Panzerarmee Kommand
Veteran Squad Leaders
Vehicle Survival Package
Tungsten Core Ammunition
2.5-tonne Medical Truck
Rapid Advance
Panzer III L Medium Tank
Emergency Repair Kits
Armored Reserves
Forward Retreat Point
Selects Veteran Gunners
Advanced Optics
Selects Vehicle Awareness
Selects Panzer Storm
Tiger Heavy Tank
2.5-tonne Medical Truck
Pak 38 Anti-tank Gun Team
Pak 38 Anti-tank Gun Team
Panzer IV Assault Group
Selects Stuka Anti-tank Loiter
Stuka Anti-tank Loiter
Panzer Storm
Panzer III L Medium Tank
Panzer IV Assault Group
為了帝皇
Aaasam
b1ackie360
Mael Radec
tadeosotomayor9
Dsadow
NachoMz_HQ YT
Pyr0s
0
0
Comments
sign in to comment!
No comments posted yet!